 Dungeon Crawl Stone Soup version 0.26-a0-52-gd53d4cd058 (webtiles) character file.

Game seed: 8224714643002609481

7 vurker the Chiller (level 1, -1/14 HPs)
             Began as a Mummy Ice Elementalist on June 5, 2020.
             Slain by a jackal (2 damage)
             ... on level 1 of the Dungeon.
             The game lasted 00:00:44 (264 turns).

vurker the Chiller (Mummy Ice Elementalist)          Turns: 264, Time: 00:00:45

Health: -1/14      AC:  2    Str: 11    XL:     1   Next: 83%
Magic:  0/4        EV: 12    Int: 14    God:
Gold:   0          SH:  0    Dex: 12    Spells: 5/6 levels left

rFire    x . .     SeeInvis .   (no weapon)
rCold    + . .     Gourm    .   (no shield)
rNeg     + + +     Faith    .   a - +0 robe
rPois    ∞         Spirit   .   (no helmet)
rElec    .         Reflect  .   (no cloak)
rCorr    .         Harm     .   (no gloves)
MR       .....                  (no boots)
Stlth    ++........             (no amulet)
HPRegen  0.04/turn              (no ring)
MPRegen  0.09/turn              (no ring)

@: no status effects
A: no food or potions, fire vulnerability, cold resistance 1, negative energy
resistance 3, torment resistance, unbreathing
a: no special abilities


You were on level 1 of the Dungeon.
You were not hungry.

You visited 1 branch of the dungeon, and saw 1 of its levels.

Inventory:

Armour
 a - a +0 robe (worn)
Scrolls
 b - a scroll of enchant weapon {unknown}
 c - a scroll of teleportation {unknown}


   Skills:
 + Level 0.4 Fighting
 - Level 1.5 Dodging
 - Level 1.5 Stealth
 * Level 3.0 Spellcasting
 * Level 3.4 Ice Magic


You had 5 spell levels left.
You knew the following spells:

 Your Spells              Type           Power        Failure   Level  Hunger
a - Freeze                Ice            ##..         5%          1    N/A

Your spell library contained the following spells:

 Spells                   Type           Power        Failure   Level  Hunger
 Frozen Ramparts          Ice            ##....       16%         3    N/A
 Ozocubu's Armour         Chrm/Ice       #.......     32%         3    N/A
 Hailstorm                Conj/Ice       #.......     71%         4    N/A
 Summon Ice Beast         Ice/Summ       #.......     71%         4    N/A

Dungeon Overview and Level Annotations

Branches:
Dungeon (1/15)

Altars:


Innate Abilities, Weirdness & Mutations

You do not eat or drink.
Your flesh is vulnerable to fire.
You are immune to poison.
Your flesh is cold resistant. (rC+)
You are immune to negative energy. (rN+++)
You are immune to unholy pain and torment.
You can survive without breathing.


Message History

You freeze the kobold.
You kill the kobold!
Aim: a rat You freeze the rat.
You kill the rat!
You don't have enough magic to cast that spell.
Your magical contamination has completely faded away.
A jackal comes into view.
The jackal barks!
A jackal is nearby!
A jackal is nearby!
A jackal is nearby!
A jackal comes into view.
The jackal closely misses you.
Aim: a jackal You freeze the jackal.
The jackal barks!
The jackal pauses to sniff the ground.
The jackal closely misses you. The jackal bites you.
Aim: a jackal (lightly wounded)
You freeze the jackal. The jackal barely misses you.
Aim: a jackal (moderately wounded)
You freeze the jackal. The jackal barely misses you.
Aim: a jackal (almost dead)
You freeze the jackal.
You kill the jackal!
Your Spellcasting skill increases to level 3!
The jackal bites you. The jackal closely misses you.
You barely miss the jackal. The jackal closely misses you.
Aim: a jackal You freeze the jackal.
The jackal completely misses you.
You hit the jackal but do no damage. The jackal bites you.
The jackal bites you but does no damage.
You hit the jackal. The jackal barely misses you.
You barely miss the jackal. The jackal bites you.
* * * LOW HITPOINT WARNING * * *
The jackal misses you.
You hit the jackal but do no damage. The jackal closely misses you.
You completely miss the jackal. The jackal bites you.
* * * LOW HITPOINT WARNING * * *
You barely miss the jackal.
The jackal bites you but does no damage.
The jackal misses you.
You miss the jackal. The jackal bites you.
* * * LOW HITPOINT WARNING * * *
You hit the jackal. The jackal closely misses you.
The jackal barely misses you.
You barely miss the jackal. The jackal bites you.
You die...

#...# ###.#
#...###.#.#
#..!##.#..#
#.......### ♣♣♣♣♣♣
♣♣♣#)#.##..#
.♣♣..♣♣♣♣.♣#...##..#
.....♣♣..♣.^.......#
..<.....♣.♣#......##
♣...♣...♣..###%#@##
.♣♣♣♣♣♣♣♣♣♣#...#h#
♣♣ #####.# #.....#
#.##### #.#
###.#######
#....(....#
#...####...#


You could see a jackal.

Vanquished Creatures
  A leopard gecko (D:1)
  A hobgoblin (D:1)
  A jackal (D:1)
  A kobold (D:1)
  2 rats (D:1)
6 creatures vanquished.

Notes
Turn   | Place    | Note
-------+----------+-------------------------------------------
     0 | D:1      | vurker the Mummy Ice Elementalist began the quest for the
                  | Orb.
     0 | D:1      | Reached XP level 1. HP: 13/13 MP: 4/4
   264 | D:1      | Slain by a jackal

Illustrated notes

Levels and vault maps discovered:
D:1:      roderic_dead_forest, layout_loops_cross, serial_bayou_lagoon_a

Skill      XL: |  1 |
---------------+----+-----
Spellcasting   | 3 |  3.0
Fighting       | |  0.4
Dodging        | |  1.5
Stealth        | |  1.5
Ice Magic      | |  3.4

Action                   || total
-------------------------++-------
Melee: Unarmed           ||    10
 Cast: Freeze            ||    13
Armor: Robe              ||     3
Dodge: Dodged            ||    15

Table legend:
 A = Non-vault XP
 B = Vault XP
 C = Vault XP percentage of total XP
 D = Non-vault monster count
 E = Vault monster count
 F = Vault count percentage of total count
                 A         B        C        D         E       F
            +---------+---------+-------+---------+---------+-------
      Total |      10 |       0 |   0.0 |       6 |       0 |   0.0
            +---------+---------+-------+---------+---------+-------
        D:1 |      10 |       0 |   0.0 |       6 |       0 |   0.0
            +---------+---------+-------+---------+---------+-------
